 Dungeon Crawl Stone Soup version 0.30-a0-920-g7493c07aab (webtiles) character file.

Game seed: 5499584624161625608

5521 Zeuus77 the Cleaver (level 10, -9/93 HPs)
             Began as a Minotaur Berserker on Mar 22, 2023.
             Was an Elder of Trog.
             Mangled by an acid dragon (13 damage)
             ... on level 9 of the Dungeon.
             The game lasted 00:15:59 (6941 turns).

Zeuus77 the Cleaver (Minotaur Berserker)            Turns: 6941, Time: 00:16:00

Health: -9/93      AC: 14    Str: 26    XL:     10   Next: 43%
Magic:  0/9        EV: 13    Int: -2 (4) God:    Trog [****..]
Gold:   341        SH:  0    Dex: 10    Spells: 9/9 levels left

rFire   . . .      SeeInvis .    a - +0 hand axe
rCold   . . .      Faith    .    (no shield)
rNeg    . . .      Spirit   .    o - +0 plate armour
rPois   .          Reflect  .    (helmet restricted)
rElec   .          Rampage  .    m - scarf {harm}
rCorr   .          Harm     + .  (no gloves)
Will    .....                    (no boots) Stlth
                                 (no amulet)
HPRegen 0.35/turn                c - +5 ring of evasion
MPRegen 0.11/turn                t - +4 ring of protection

@: confused, corroded, slowed, lost intelligence, studying Long Blades, unable
to read, very slow
A: horns 2, retaliatory headbutt
a: Renounce Religion, Berserk, Trog's Hand, Brothers in Arms


You were on level 9 of the Dungeon.
You worshipped Trog.
Trog was greatly pleased with you.
You visited 1 branch of the dungeon, and saw 9 of its levels.
You also visited: Sewer.

You collected 341 gold pieces.

Inventory:

Hand Weapons
 a - a +0 hand axe (weapon)
Armour
 b - a +1 animal skin
 m - a scarf of harm (worn)
 o - a +0 plate armour (worn)
Jewellery
 c - a +5 ring of evasion (left hand)
 k - a ring of fire
 t - a +4 ring of protection (right hand)
 u - a ring of positive energy
 D - a ring of fire
Wands
 l - a wand of charming (7)
 p - a wand of quicksilver (9)
 x - a wand of polymorph (9)
Scrolls
 n - 3 scrolls of fog
 s - a scroll of amnesia
 w - 2 scrolls of blinking
 y - a scroll of teleportation {unknown}
 z - a scroll of poison {unknown}
 B - a scroll of vulnerability
Potions
 d - 3 potions of degeneration
 e - 2 potions of haste
 f - 4 potions of might
 h - 7 potions of curing
 i - 3 potions of invisibility
 j - 2 potions of lignification
 q - 2 potions of attraction {unknown}
 r - a potion of mutation {unknown}
 v - 2 potions of resistance {unknown}
 A - 2 potions of brilliance {unknown}
 C - a potion of ambrosia {unknown}
 E - a potion of flight {unknown}


   Skills:
 + Level 9.9 Fighting
 - Level 14.0 Axes
 + Level 8.8 Armour
 - Level 3.1 Dodging
 - Level 0.5 Stealth


You had 9 spell levels left.
You didn't know any spells.
Your spell library was empty.

Dungeon Overview and Level Annotations

Branches:
Dungeon (9/15)             Temple (0/1) D:4           Sewer (visited)
   Lair: D:8-11         Orc: D:9-12

Altars:
Makhleb
Vehumet
Yredelemnul

Annotations:
D:9 exclusion: orange crystal statue


Innate Abilities, Weirdness & Mutations

You have a pair of horns on your head.
You reflexively headbutt those who attack you in melee.


Message History

The acid dragon claws you but does no damage.
The troll bites you. The troll claws you.
The troll claws you but does no damage.
The centaur wields a +0 shortbow.
The centaur shoots an arrow.
The arrow hits you.
The centaur shoots an arrow.
The arrow hits you but does no damage.
The centaur shoots an arrow.
The arrow hits you but does no damage. The troll bites you but does no damage.
The troll claws you but does no damage. x2
The orc priest hits you with a +0 flail!
An orc comes into view. It is wielding a +0 dagger.
The acid dragon bites you but does no damage.
The acid dragon claws you but does no damage.
You can move again.
You take 47 damage, and have 35/93 hp.
MASSIVE DAMAGE!!
You feel much better.
The centaur unwields a +0 shortbow.
The centaur closely misses you. x2; The acid dragon misses you.
The acid dragon completely misses you.
The orange crystal statue glitters.
You are more confused.
The troll bites you. The troll closely misses you. The troll claws you.
The orc priest closely misses you. The orc wizard casts a spell at you.
The magic dart hits you.
The orc priest invokes the aid of Beogh against you.
Beogh smites you!
* * * LOW HITPOINT WARNING * * *
A yak comes into view.
The centaur unwields a +0 shortbow.
The centaur misses you. The centaur closely misses you.
The centaur barely misses you. x2
The troll bites you!
* * * LOW HITPOINT WARNING * * *
The troll closely misses you. The troll barely misses you.
The orc priest mumbles some strange prayers to Beogh against you.
Beogh smites you!
* * * LOW HITPOINT WARNING * * *
The orc priest begins to cast a cantrip, but forgets the words!
The orc wizard gestures wildly while chanting.
The orc wizard flickers and vanishes!
Deactivating autopickup; reactivate with Ctrl-A.
The acid dragon bites you!
You die...

............##
#.........$...
#.......o...o#
#....(8......#
#............##.
#.......o.o...(.
#.....oTc...###
#.....lo@.....#
#......Dc...#.#.
##.....{!.......
#.#.....#####.#
# #.##### # #<#
#.# ###


You could see an orange crystal statue, a komodo dragon, a troll (summoned), an
acid dragon, 2 centaurs, 2 orc priests, an orc wizard and 3 orcs.

Vanquished Creatures
  A centaur warrior (D:8)
  A manticore (D:8)
  3 unseen horror zombies (D:8)
  A wyvern (D:8)
  A yak (D:8)
  A vampire mosquito (D:8)
  A steam dragon (D:6)
  An acid dragon (D:8)
  3 water moccasins
  Pargi (Sewer)
  A sky beast (D:6)
  An ice beast (D:6)
  A black bear (D:6)
  2 ogres
  2 centaurs (D:8)
  3 phantoms
  5 bullfrogs
  3 necrophages (D:8)
  2 scorpions
  13 wights
  A howler monkey (D:5)
  A human zombie (D:8)
  2 jellies (D:7)
  2 orc priests
  2 iguanas
  6 orc wizards
  2 mummies (D:8)
  A howler monkey zombie (D:8)
  4 adders
  3 gnolls (D:6)
  2 shadow imps (D:6)
  A white imp (D:5)
  An ufetubus (D:4)
  2 worms
  5 dart slugs
  13 orcs
  14 ball pythons
  2 endoplasms (D:2)
  5 giant cockroaches
  8 goblins
  4 hobgoblins
  2 jackals (D:3)
  7 quokkas
  5 bats
  9 frilled lizards
  6 kobolds
  8 rats
165 creatures vanquished.

Vanquished Creatures (others)
  2 withered plants (D:2)
2 creatures vanquished.

Grand Total: 167 creatures vanquished

Notes
Turn   | Place    | Note
-------+----------+-------------------------------------------
     0 | D:1      | Zeuus77 the Minotaur Berserker began the quest for the Orb.
     0 | D:1      | Reached XP level 1. HP: 19/19 MP: 0/0
   104 | D:1      | Reached XP level 2. HP: 11/27 MP: 1/1
   199 | D:1      | Reached skill level 4 in Axes
   546 | D:1      | Reached XP level 3. HP: 33/33 MP: 2/2
   634 | D:1      | Reached ** piety under Trog
  1292 | D:2      | Found a faded altar of an unknown god.
  1587 | D:3      | Reached XP level 4. HP: 38/41 MP: 3/3
  1606 | D:3      | Reached skill level 5 in Axes
  1809 | D:3      | You fall into a shaft and drop 3 floors!
  1831 | D:6      | Noticed a black bear
  1839 | D:6      | Killed a black bear
  1840 | D:6      | Reached XP level 5. HP: 33/47 MP: 4/4
  1907 | D:6      | Noticed a water moccasin
  1908 | D:6      | Noticed a water moccasin
  1913 | D:6      | Killed a water moccasin
  1914 | D:6      | Reached skill level 6 in Axes
  1914 | D:6      | Reached XP level 6. HP: 55/55 MP: 5/5
  1915 | D:6      | Killed a water moccasin
  1916 | D:6      | Reached skill level 7 in Axes
  1979 | D:6      | Reached skill level 8 in Axes
  2060 | D:6      | Reached *** piety under Trog
  2067 | D:6      | Reached XP level 7. HP: 41/60 MP: 6/6
  2158 | D:6      | Found a burning altar of Makhleb.
  2327 | D:6      | Noticed a steam dragon
  2339 | D:6      | Killed a steam dragon
  2340 | D:6      | Reached skill level 9 in Axes
  2540 | D:6      | Reached skill level 10 in Axes
  2801 | D:6      | Reached skill level 11 in Axes
  2801 | D:6      | Reached XP level 8. HP: 53/67 MP: 7/7
  2816 | D:5      | Entered Level 5 of the Dungeon
  3741 | D:5      | Reached skill level 12 in Axes
  4174 | D:4      | Found a glowing drain.
  4192 | Sewer    | Entered a sewer
  4233 | Sewer    | Noticed Pargi
  4237 | Sewer    | Killed Pargi
  4373 | D:4      | Found a staircase to the Ecumenical Temple.
  4608 | D:4      | Reached **** piety under Trog
  4857 | D:7      | Reached skill level 13 in Axes
  4958 | D:7      | Found a radiant altar of Vehumet.
  5065 | D:7      | Reached XP level 9. HP: 73/73 MP: 8/8
  5293 | D:8      | Reached skill level 5 in Fighting
  5776 | D:8      | Noticed a manticore
  5787 | D:8      | Killed a manticore
  5788 | D:8      | Reached skill level 14 in Axes
  5954 | D:8      | Noticed a centaur warrior
  5959 | D:8      | Reached skill level 5 in Armour
  5968 | D:8      | Killed a centaur warrior
  5969 | D:8      | Reached XP level 10. HP: 90/90 MP: 9/9
  6300 | D:8      | Found a basalt altar of Yredelemnul.
  6923 | D:9      | Noticed an orange crystal statue
  6938 | D:9      | Lost intelligence.
  6941 | D:9      | HP: 4/93 [orc priest/divine providence[an orange crystal
                  | statue] (12)]
  6941 | D:9      | Mangled by an acid dragon

Illustrated notes

Levels and vault maps discovered:
D:1:      erik_arrival_orb_chamber, layout_loops_ring
D:2:      layout_basic, shapermc_ecumenical_altar_flowoftime
D:3:      layout_loops_ring
D:4:      layout_rooms, minmay_temple_entry_grid, cheibrodos_sewer_entry_drain,
          serial_bayou_pond_b, kennysheep_generic_room_16
D:5:      layout_layer_cave, grunt_decor_arrowhead
D:6:      layout_rooms, lemuel_tele_altar
D:7:      layout_rooms, kennysheep_little_box
D:8:      layout_basic, lemuel_mausoleum_altar_yredelemnul, hex_tiny,
          minmay_manual_mess
D:9:      layout_loops_ring, dpeg_oklobed_lair, minivault_16

Skill      XL: |  1  2  3  4  5  6  7  8  9 10 |
---------------+-------------------------------+-----
Axes           | 4 5 6 8 11 13 14 | 14.0
Fighting       | 4 8 9 |  9.9
Dodging        | 3 |  3.1
Armour         | 7 8 |  8.8
Stealth        | |  0.5

Action                     |  1- 3 |  4- 6 |  7- 9 | 10-12 || total
---------------------------+-------+-------+-------+-------++-------
  Melee: Hand axe          |    90 |    51 |   235 |    88 ||   464
         Headbutt          |    16 |     9 |    39 |    23 ||    87
         Punch             |     1 |     1 |     3 |     1 ||     6
         Unarmed           |       |       |       |     5 ||     5
 Invoke: Berserk           |     1 |     2 |     5 |       ||     8
         Trog's Hand       |       |       |     1 |       ||     1
    Use: Scroll            |     7 |     1 |     9 |       ||    17
         Potion            |       |       |     1 |     3 ||     4
 Armour: Animal skin       |    13 |     3 |       |       ||    16
         Plate armour      |       |    17 |    89 |    78 ||   184
  Dodge: Dodged            |    56 |    52 |   107 |    89 ||   304

Table legend: (Time is in decaauts)
 A = Elapsed time spent in this place.
 B = Non-inter-level travel time spent in this place.
 C = Inter-level travel time spent in this place.
 D = Time resting spent in this place.
 E = Time spent auto-exploring this place.
 F = Levels seen in this place.
 G = Mean time per level.
                   A        B        C        D        E       F      G
               +--------+--------+--------+--------+--------+-----+--------+
         Total |   6974 |   6732 |    242 |      0 |   5629 |  10 |  697.4 |
       Dungeon |   6778 |   6536 |    242 |      0 |   5508 |   9 |  753.1 |
         Sewer |    195 |    195 |      0 |      0 |    121 |   1 |  195.0 |
               +--------+--------+--------+--------+--------+-----+--------+

Top non-repeatable levels by time:
     D:8: 1626 daAuts
     D:5: 1302 daAuts
     D:6: 972 daAuts
     D:1: 851 daAuts
     D:2: 720 daAuts
     D:4: 536 daAuts
     D:7: 483 daAuts
     D:3: 266 daAuts
   Sewer: 195 daAuts
     D:9: 19 daAuts
